Match 46957663
Unlisted

Match 46957663
End
Panzergrenadier Squad
Selects Armored Support Battlegroup
Panzergrenadier Squad
250 Light Carrier
Construct Light Support Kompanie
Combat Half-tracks
Fire Support Elements
Selects Superior Fire Drills
Veteran Squad Leaders
Vehicle Survival Package
Panzerjäger Mechanized Group
Selects Salvage Kits
Construct Panzerarmee Kommand
Panzer III L Medium Tank
Emergency Repair Kits
Selects Panzer Storm
Armored Reserves
Panzer III Assault Group
Rapid Advance
[PBS] Sigizmund
76561199424265209
Konrad Curze
FLOKL
100%eighty
新年辞旧喜洋洋
jaws2005
Доминик Декоко
0
0

Comments sign in to comment!

No comments posted yet!